 Dungeon Crawl Stone Soup version 0.21-a0-442-g848f44b (webtiles) character file.

374 slep the Bolt Thrower (level 6, 0/30 HPs)
             Began as a Vine Stalker Wanderer on Nov 16, 2017.
             Slain by Xavori's ghost (3 damage)
             ... on level 3 of the Dungeon.
             The game lasted 00:18:00 (3454 turns).

slep the Bolt Thrower (Vine Stalker Wanderer)       Turns: 3454, Time: 00:18:01

Health: 0/30       AC:  3    Str: 17    XL:     6   Next: 72%
Magic:  0/8        EV: 13    Int: 11    God:
Gold:   146        SH:  0    Dex: 14    Spells: 7/7 levels left

rFire    . . .     SeeInvis .   a - +0 short sword (speed)
rCold    . . .     Gourm    .   (no shield)
rNeg     . . .     Faith    .   p - +0 leather armour
rPois    .         Spirit   +   (no helmet)
rElec    .         Reflect  .   (no cloak)
rCorr    .         Harm     .   (no gloves)
MR       .....                  (no boots)
Stlth    ++........             (no amulet)
HPRegen  0.50/turn              m - +2 ring of evasion
MPRegen  0.11/turn              (no ring)

@: lethally poisoned (0 -> -1)
A: fangs 2, regeneration 1, magic shield, antimagic bite, no potion heal 3, rot
immunity
a: no special abilities


You were on level 3 of the Dungeon.
You were not hungry.

You visited 1 branch of the dungeon, and saw 3 of its levels.
You also visited: Sewer.

You collected 146 gold pieces.

Inventory:

Hand Weapons
 a - a +0 short sword of speed (weapon)
 b - a +0 hand crossbow
Missiles
 c - 13 bolts
Armour
 p - a +0 leather armour (worn)
Jewellery
 m - a +2 ring of evasion (left hand)
Wands
 x - a wand of flame (15/48)
Scrolls
 d - 3 scrolls of teleportation
 e - a scroll of recharging {unknown}
 g - 2 scrolls of blinking {unknown}
 j - 7 scrolls of identify {unknown}
 o - a scroll of magic mapping {unknown}
 q - 3 scrolls of remove curse {unknown}
 r - a scroll of immolation {unknown}
 u - a scroll of enchant weapon {unknown}
Potions
 k - 4 potions of might {unknown}
 l - 4 potions of brilliance {unknown}
 n - 2 potions of resistance {unknown}
 s - a potion of degeneration {unknown}
 t - 4 potions of flight {unknown}
 v - a potion of berserk rage {unknown}
 z - 4 potions of heal wounds {unknown}
 A - 4 potions of curing {unknown}
Comestibles
 f - 5 bread rations
 h - a meat ration
 i - a fruit


   Skills:
 + Level 2.0 Fighting
 + Level 1.5 Short Blades
   Level 1.0 Bows
 + Level 4.1 Crossbows
 + Level 2.5 Armour
 + Level 0.7 Dodging
 + Level 1.5 Stealth
 + Level 1.3 Spellcasting
   Level 4.0 Conjurations
 + Level 1.1 Evocations


You had 7 spell levels left.
You didn't know any spells.

Dungeon Overview and Level Annotations

Branches:
Dungeon (3/15)

Altars:
Cheibriados
Dithmenos

Annotations:
D:3 Xavori's ghost, amateur GrCK


Innate Abilities, Weirdness & Mutations

You have extremely sharp teeth.
Your natural rate of healing is unusually fast.
When hurt, damage is shared between your health and your magic reserves.
Your bite disrupts and absorbs the magic of your enemies.
Potions cannot restore your health.
You are immune to rotting.


Message History

You shoot a bolt.
The bolt completely misses Xavori's ghost.
Xavori's ghost hits you!
You are poisoned.
Firing (i - inventory):
c - 14 bolts (quivered)
Press: ? - help, Shift-Dir - straight line, f/p - Xavori's ghost
Aim: Xavori's ghost, wielding a weapon of chaos (almost destroyed)
You shoot a bolt. The bolt closely misses Xavori's ghost.
You feel sick. Xavori's ghost hits you!
* * * LOW HITPOINT WARNING * * *
Xavori's ghost freezes you.
* * * LOW HITPOINT WARNING * * *
You feel sick.
You feel sick.
You feel sick.
You feel sick.
Your hands tingle!
a - a +0 short sword of speed (weapon)
Xavori's ghost hits you.
You die...

.....#....#
#.#####.#
..#######.#
#.......#
.....#....#
##.#.####
(###.#.##.# #.#.#
.# #.#.##.####.#.#
.###...#.......#.#
.(....##..######.#
........(.# #.#
#########.######@#
#......W.#
##########


You could see Xavori's ghost.

Vanquished Creatures
  2 big kobolds (Sewer)
  Natasha (D:3)
  5 adders
  5 river rats
  3 oozes
  4 worms (D:3)
  5 dart slugs
  2 leopard geckos
  4 giant cockroaches
  7 goblins
  4 hobgoblins
  3 quokkas
  5 ball pythons (Sewer)
  13 bats
  8 frilled lizards
  19 kobolds
  24 rats
114 creatures vanquished.

Notes
Turn   | Place    | Note
-------+----------+-------------------------------------------
     0 | D:1      | slep the Vine Stalker Wanderer began the quest for the Orb.
     0 | D:1      | slep set off with: a wand of flame (15/48), a +0 hand crossbow, 27 bolts, a scroll of teleportation, a +0 robe, a bread ration
     0 | D:1      | Reached XP level 1. HP: 9/9 MP: 3/3
   106 | D:1      | Reached XP level 2. HP: 10/13 MP: 4/4
   363 | D:2      | Reached skill level 1 in Crossbows
   444 | D:2      | Reached XP level 3. HP: 16/16 MP: 5/5
  1181 | D:1      | Gained mutation: Your natural rate of healing is unusually fast. [Vine Stalker growth]
  1181 | D:1      | Reached XP level 4. HP: 17/21 MP: 6/6
  2028 | D:3      | Reached skill level 1 in Fighting
  2145 | D:3      | Found a glowing drain.
  2149 | Sewer    | Entered a sewer
  2157 | Sewer    | Reached XP level 5. HP: 25/25 MP: 7/7
  2428 | Sewer    | Noticed a big kobold
  2452 | Sewer    | Killed a big kobold
  2452 | Sewer    | Reached XP level 6. HP: 20/30 MP: 5/8
  2560 | Sewer    | Reached skill level 1 in Short Blades
  2904 | D:3      | Noticed Natasha
  2907 | D:3      | Killed Natasha
  3138 | D:3      | Found a shadowy altar of Dithmenos.
  3290 | D:3      | Found a snail-covered altar of Cheibriados.
  3386 | D:3      | Noticed Xavori's ghost (amateur GrCK)
  3454 | D:3      | Slain by Xavori's ghost

Vault maps used:
D:1:      ncdulo_halloftheorcs
D:2:      first_bread, minmay_misc_feat_tiny
D:3:      lemuel_round_altar, lemuel_round_altar, gup_sewer_entry_spiral,
          st_stairs_12, eino_curves_04, uniq_natasha
Sewer:    sewer_minmay_treatment

Skill      XL: |  1  2  3  4  5  6 |
---------------+-------------------+-----
Armour         | 2 |  2.5
Crossbows      | 1 2 3 4 |  4.1
Fighting       | 1 2 |  2.0
Short Blades   | 1 |  1.5
Bows           | |  1.0
Dodging        | |  0.7
Stealth        | |  1.5
Spellcasting   | |  1.3
Conjurations   | |  4.0
Evocations     | |  1.1

Action                   |  1- 3 |  4- 6 || total
-------------------------+-------+-------++-------
Melee: Short sword       |       |   143 ||   143
       Bite              |       |    32 ||    32
 Fire: Hand crossbow     |    78 |   143 ||   221
Throw: Javelin           |       |     6 ||     6
  Eat: Chunk             |       |     8 ||     8
Armor: Robe              |     4 |       ||     4
       Leather armour    |     4 |    25 ||    29
Dodge: Dodged            |    25 |   126 ||   151

Table legend:
 A = Spawn XP
 B = Non-spawn XP
 C = Spawn XP percentage of total XP
 D = Spawn monster count
 E = Non-spawn monster count
 F = Spawn count percentage of total count
 G = Total turns spent on level
                    A         B        C        D         E        F      G
               +---------+---------+-------+---------+---------+-------+---------
         Total |       0 |     535 |   0.0 |       0 |     114 |   0.0 |  3454
               +---------+---------+-------+---------+---------+-------+---------
           D:1 |       0 |      44 |   0.0 |       0 |      21 |   0.0 |   962
           D:2 |       0 |      63 |   0.0 |       0 |      23 |   0.0 |   924
           D:3 |       0 |     120 |   0.0 |       0 |      22 |   0.0 |   886
         Sewer |       0 |     308 |   0.0 |       0 |      48 |   0.0 |   682
               +---------+---------+-------+---------+---------+-------+---------
